 Dungeon Crawl Stone Soup version 0.30-b1-2-g02819fbbbe (webtiles) character file.

Game seed: 4394523130926524853

2 Alarkh the Sneak (level 1, -1/18 HPs)
             Began as a Demonspawn Delver on May 22, 2023.
             Was an Initiate of Uskayaw.
             Slain by a scorpion (2 damage)
             ... on level 5 of the Dungeon.
             The game lasted 00:02:21 (623 turns).

Alarkh the Sneak (Demonspawn Delver)                 Turns: 623, Time: 00:02:22

Health: -1/18      AC:  5    Str: 12      XL:     1   Next: 25%
Magic:  1/1        EV: 10    Int:  9 (11) God:    Uskayaw [......]
Gold:   5          SH:  0    Dex: 14      Spells: 0/0 levels left

rFire   . .          .
                       - Unarmed
rCold   . . .        (no shield)
rNeg    . . .        l - +0 ring mail
rPois   .            (no helmet)
rElec   .            (no cloak)
rCorr   .            (no gloves)
SInv    .            (no boots)
Will    .....        (no amulet)
Stlth   ++           (no ring)
HPRegen 0.23/turn    (no ring)
MPRegen 0.07/turn

%: no passive effects
@: lethally poisoned (-1 -> -7), unable to read
A: deterioration 1, inability to read after injury 1
a: Renounce Religion


You were on level 5 of the Dungeon.
You worshipped Uskayaw.
Uskayaw was noncommittal.
You visited 2 branches of the dungeon, and saw 3 of its levels.

You collected 5 gold pieces.

Inventory:

Armour
 a - a +0 leather armour
 l - a +0 ring mail (worn)
Wands
 f - a wand of digging (3)
Scrolls
 b - a scroll of fog
 c - a scroll of magic mapping
 d - a scroll of fear
 g - a scroll of identify {unknown}
 h - 2 scrolls of enchant weapon {unknown}
Potions
 e - a potion of haste
 k - a potion of might {unknown}


   Skills:
 - Level 3.0 Fighting
 - Level 1.7 Dodging
 - Level 4.5 Stealth
 + Level 2.0 Unarmed Combat


You couldn't memorise any spells.
You didn't know any spells.
Your spell library was empty.

Dungeon Overview and Level Annotations

Branches:
Dungeon (6/15)             Temple (1/1) D:6

Altars:
Ashenzari
Dithmenos
Fedhas
Gozag
Hepliaklqana
Kikubaaqudgha
Nemelex Xobeh
Okawaru
Ru
Sif Muna
Trog
Uskayaw
Vehumet
Wu Jian
Xom


Innate Abilities, Weirdness & Mutations

Your body sometimes deteriorates upon taking damage.
You occasionally lose the ability to read scrolls when taking damage.


Message History

The scorpion barely misses you.
You barely miss the scorpion.
The scorpion is severely wounded.
The scorpion completely misses you.
You hit the scorpion but do no damage.
The scorpion is severely wounded.
The scorpion stings you.
* * * LOW HITPOINT WARNING * * *
You hit the scorpion but do no damage.
The scorpion is severely wounded.
The scorpion misses you.
Okay, then.
You closely miss the scorpion.
The scorpion is severely wounded.
The scorpion barely misses you. x2
You hit the scorpion but do no damage.
The scorpion is severely wounded.
The scorpion stings you.
* * * LOW HITPOINT WARNING * * *
It was a potion of mutation.
You feel extremely strange.
You occasionally lose the ability to read scrolls when taking damage.
You feel yourself wasting away. The scorpion stings you.
* * * LOW HITPOINT WARNING * * *
You feel better. The scorpion stings you.
You are lethally poisoned!
The scorpion poisons you!
You barely miss the scorpion.
The scorpion is severely wounded.
Your body deteriorates!
You feel dopey.
You feel very sick. The scorpion barely misses you.
You hit the scorpion but do no damage.
The scorpion is severely wounded.
* * * LOW HITPOINT WARNING * * *
You feel sick. The scorpion stings you.
You feel threatened and lose the ability to read scrolls!
* * * LOW HITPOINT WARNING * * *
Your body deteriorates!
You feel dopey. The scorpion stings you.
You die...

... ....
...s.####
#.....## #s.#
# ##.# ...
#.#
#..##.#####
#.......@#
#######s.####
#.....#
#######


You could see a scorpion.

Vanquished Creatures
  An orc (D:6)
1 creature vanquished.

Notes
Turn   | Place    | Note
-------+----------+-------------------------------------------
     0 | D:5      | Alarkh the Demonspawn Delver began the quest for the Orb.
     0 | D:5      | Reached XP level 1. HP: 18/18 MP: 1/1
    11 | D:5      | Noticed a scorpion
    57 | D:6      | Noticed a black bear
   221 | D:6      | Found a staircase to the Ecumenical Temple.
   229 | Temple   | Entered the Ecumenical Temple
   549 | Temple   | Became a worshipper of Uskayaw the Reveller
   620 | D:5      | Gained mutation: You occasionally lose the ability to read
                  | scrolls when taking damage. [potion of mutation]
   620 | D:5      | Gained mutation: Your body sometimes deteriorates upon
                  | taking damage. [potion of mutation]
   623 | D:5      | Slain by a scorpion

Illustrated notes

Levels and vault maps discovered:
D:5:      layout_rooms, gammafunk_temple_overflow_wave, gup_sewer_entry_bowl,
          dilly_guarded_unrand_devastator
D:6:      minmay_octagon_keep, layout_basic, minmay_temple_entry_glassed_door,
          serial_shops, kennysheep_little_box, uniq_sigmund
Temple:   hc_temple_tempest_star

Skill      XL: |  1 |
---------------+----+-----
Unarmed Combat | 2 |  2.0
Fighting       | |  3.0
Dodging        | |  1.7
Stealth        | |  4.5

Action                     || total
---------------------------++-------
  Melee: Unarmed           ||    17
  Throw: Dart              ||     5
    Use: Potion            ||     4
 Armour: Ring mail         ||     7
  Dodge: Dodged            ||     8
